 Dungeon Crawl Stone Soup version 0.28-b1-25-g9875b3fc8c (webtiles) character file.

Game seed: 10771585522318871838

9 sanka the Magician (level 2, 0/16 HPs)
             Began as a Deep Elf Transmuter on Feb 7, 2022.
             Constricted to death by a ball python (1 damage)
             ... on level 2 of the Dungeon.
             The game lasted 00:01:15 (386 turns).

sanka the Magician (Deep Elf Transmuter)             Turns: 386, Time: 00:01:16

Health: 0/16       AC:  2    Str:  7    XL:     2   Next: 3%
Magic:  8/9        EV:  9    Int: 17    God:
Gold:   25         SH:  0    Dex: 15    Spells: 8/9 levels left

rFire   . . .      SeeInvis .     - Unarmed
rCold   . . .      Faith    .   (no shield)
rNeg    . . .      Spirit   .   a - +0 robe
rPois   .          Reflect  .   (helmet currently unavailable)
rElec   .          Harm     .   (no cloak)
rCorr   .          Rampage  .   (no gloves)
Will    .....                   (boots currently unavailable)
Stlth   +.........              (no amulet)
HPRegen 0.05/turn               (no ring)
MPRegen 0.11/turn               (no ring)

@: appendages, constricted
A: horns 2, talons 2
a: End Transformation


You were on level 2 of the Dungeon.
You had temporarily grown beastly horns and talons.
You visited 1 branch of the dungeon, and saw 2 of its levels.

You collected 25 gold pieces.

Inventory:

Armour
 a - a +0 robe (worn)
Scrolls
 b - 3 scrolls of identify {unknown}
 c - a scroll of noise {unknown}
 d - a scroll of magic mapping {unknown}
 e - a scroll of silence {unknown}
Potions
 f - a potion of cancellation {unknown}


   Skills:
 - Level 0.7 Fighting
 - Level 2.4 Dodging
 - Level 2.4 Unarmed Combat
 + Level 4.0 Spellcasting
 - Level 2.1 Transmutations


You had 8 spell levels left.
You knew the following spells:

 Your Spells              Type           Power      Damage    Failure   Level
a - Beastly Appendage     Tmut           20%        N/A       6%          1

Your spell library contained the following spells:

 Spells                   Type           Power      Damage    Failure   Level
 Wereblood                Tmut           10%        N/A       10%         2
 Spider Form              Tmut/Pois      7%         N/A       30%         3
 Ice Form                 Ice/Tmut       7%         N/A       69%         4


Dungeon Overview and Level Annotations

Branches:
Dungeon (2/15)

Altars:


Innate Abilities, Weirdness & Mutations

You have temporarily grown beastly horns and talons.


Message History

The quokka barely misses you.
The ball python bites you but does no damage.
The ball python barely misses you. The ball python bites you.
The ball python completely misses you.
There is a stone staircase leading down here.
The ball python closely misses you. The ball python grabs you.
You stop descending the stairs.
The ball python constricts you.
Unknown command.
Unknown command.
Unknown command.
You escape the ball python's grasp.
The ball python misses you. The ball python barely misses you.
The ball python closely misses you. The ball python grabs you.
You stop descending the stairs.
The ball python constricts you.
The ball python bites you but does no damage.
Unknown command.
Unknown command.
Unknown command.
You escape the ball python's grasp.
The ball python barely misses you. The ball python misses you.
The ball python bites you.
* * * LOW HITPOINT WARNING * * *
The ball python barely misses you. The ball python closely misses you.
The ball python misses you.
You climb downwards.
There is a stone staircase leading up here.
Unknown command.
You are too injured to fight recklessly!
Unknown command.
Casting: Beastly Appendage (safe; 6% risk of failure)
Confirm with . or Enter, or press ? or * to list all spells.
You grow a pair of large bovine horns.
Your feet morph into talons.
The ball python barely misses you. The ball python closely misses you.
The ball python bites you.
* * * LOW HITPOINT WARNING * * *
The ball python closely misses you.
You hit the ball python.
You kill the ball python!
The ball python closely misses you. The ball python grabs you.
The ball python constricts you.
You die...

#
#...#######
.......@SS#
......###.#
.#.#. # #


You could see 2 ball pythons.

Vanquished Creatures
  2 endoplasms (D:1)
  A hobgoblin (D:1)
  2 jackals (D:1)
  A kobold (D:1)
  A ball python (D:2)
  A bat (D:1)
8 creatures vanquished.

Notes
Turn   | Place    | Note
-------+----------+-------------------------------------------
     0 | D:1      | sanka the Deep Elf Transmuter began the quest for the Orb.
     0 | D:1      | Reached XP level 1. HP: 11/11 MP: 6/6
   259 | D:1      | Reached skill level 4 in Spellcasting
   259 | D:1      | Reached XP level 2. HP: 14/16 MP: 7/9
   259 | D:1      | You fall into a shaft and drop 1 floor!
   386 | D:2      | Constricted to death by a ball python

Illustrated notes

Levels and vault maps discovered:
D:1:      minmay_arrival_five_plusses, layout_rooms, minmay_hexomino_u4
D:2:      layout_loops_cross, shapermc_ecumenical_altar_totnotflames,
          uniq_terence, uniq_sigmund

Skill      XL: |  1 |
---------------+----+-----
Spellcasting   | 4 |  4.0
Fighting       | |  0.7
Dodging        | |  2.4
Unarmed Combat | |  2.4
Transmutations | |  2.1

Action                   || total
-------------------------++-------
Melee: Unarmed           ||    16
       Headbutt          ||     5
       Kick              ||     5
       Punch             ||     1
 Cast: Beastly Appendage ||     5
Armor: Robe              ||     5
Dodge: Dodged            ||    37
